 Dungeon Crawl Stone Soup version 0.26.1-11-gd32895ea62 (webtiles) character file.

Game seed: 12170832610083834908

3255 adizb the Spear-Bearer (level 10, -2/98 HPs)
             Began as an Ogre Monk on June 29, 2021.
             Was an Elder of Zin.
             Slain by an iguana (8 damage)
             ... on level 8 of the Dungeon on June 30, 2021.
             The game lasted 01:04:23 (7749 turns).

adizb the Spear-Bearer (Ogre Monk)                  Turns: 7749, Time: 01:04:24

Health: -2/98      AC:  6    Str: 18      XL:     10   Next: 0%
Magic:  10/10      EV: 11    Int: 11      God:    Zin [****..]
Gold:   300        SH: 10    Dex: 12 (13) Spells: 9/9 levels left

rFire    + . .     SeeInvis .   m - +3 trident (freeze)
rCold    . . .     Faith    +   d - +0 kite shield
rNeg     . . .     Spirit   .   e - +2 robe {rF+}
rPois    .         Reflect  .   (helmet restricted)
rElec    .         Harm     .   f - +0 cloak
rCorr    .         Rampage  .   (gloves unavailable)
Will     +....                  (boots unavailable)
Stlth    ++........             b - amulet of faith
HPRegen  0.26/turn              (no ring)
MPRegen  0.12/turn              (no ring)

@: no status effects
A: large, unfitting armour, tough skin 1
a: Renounce Religion, Recite, Vitalisation, Imprison, Donate Gold


You were on level 8 of the Dungeon.
You worshipped Zin.
Zin was greatly pleased with you.
You visited 2 branches of the dungeon, and saw 10 of its levels.

You collected 333 gold pieces.
You donated 33 gold pieces to Zin.

Inventory:

Hand Weapons
 h - a +4 trident
 m - a +3 trident of freezing (weapon)
Missiles
 c - 86 stones (quivered)
 l - 8 poisoned darts
 u - 2 boomerangs
 v - 7 silver javelins
Armour
 d - a +0 kite shield (worn)
 e - a +2 robe of fire resistance (worn)
 f - a +0 cloak (worn)
 i - a +1 robe of the Archmagi
 r - a +0 tower shield
Jewellery
 b - an amulet of faith (around neck)
Scrolls
 g - 4 scrolls of remove curse
 j - a scroll of amnesia
 k - a scroll of magic mapping {unknown}
 p - a scroll of noise
 q - a scroll of enchant weapon
Potions
 n - a potion of brilliance {unknown}
 o - a potion of cancellation {unknown}
 s - a potion of magic {unknown}
 t - a potion of attraction {unknown}


   Skills:
 - Level 5.7 Fighting
 + Level 9.7 Polearms
 - Level 2.2 Throwing
 - Level 1.0 Armour
 - Level 3.9 Dodging
 - Level 1.4 Stealth
 + Level 7.8 Shields


You had 9 spell levels left.
You didn't know any spells.
Your spell library was empty.

Dungeon Overview and Level Annotations

Branches:
Dungeon (9/15)             Temple (1/1) D:6
   Lair: D:8-11         Orc: D:9-12

Altars:
Ashenzari
Cheibriados
Dithmenos
Elyvilon
Gozag
Hepliaklqana
Makhleb
Nemelex Xobeh
Okawaru
Qazlal
Sif Muna
Trog
Uskayaw
Wu Jian
Xom
Yredelemnul
Zin
The Shining One

Shops:
D:7 !


Innate Abilities, Weirdness & Mutations

You are too large for most types of armour.
You have tough skin. (AC +1)


Message History

There is a stone staircase leading down here.
You hit the iguana. You freeze the iguana.
The iguana is heavily wounded.
The quasit closely misses you. You block the quasit's attack. x2
You block the iguana's attack.
You hit the iguana but do no damage.
The iguana is heavily wounded.
The quasit barely misses you. You block the quasit's attack.
The quasit claws you.
* * * LOW HITPOINT WARNING * * *
The iguana barely misses you.
You barely miss the iguana.
The iguana is heavily wounded.
The quasit barely misses you. The quasit misses you.
You block the quasit's attack. The iguana bites you!
* * * LOW HITPOINT WARNING * * *
The quasit closely misses you.
The quasit claws you but does no damage.
You block the quasit's attack. The iguana bites you!
You die...

##...#
#....#
#....#
#..>.#
#....#
#....#
#....#
#l5..#
#@...#
#....#
#....#
...###
####.
.. ..
..#


You could see an iguana and a quasit.

Vanquished Creatures
  4 yaks (D:6)
  A water moccasin (D:6)
  2 ice beasts
  3 orc warriors
  2 ogres (D:4)
  3 sky beasts
  A centaur (D:6)
  4 bullfrogs
  A scorpion (D:5)
  10 wights
  An electric eel (D:6)
  A quasit (D:6)
  5 orc priests
  4 orc wizards
  2 bullfrog zombies (D:6)
  2 hounds
  A bullfrog skeleton (D:5)
  2 iguanas (D:4)
  2 worker ants
  A worker ant zombie (D:5)
  8 gnolls
  7 adders
  A white imp (D:5)
  An ufetubus (D:5)
  An ooze (D:1)
  An adder skeleton (D:5)
  2 worms
  4 dart slugs
  3 leopard geckos
  16 orcs
  2 ball pythons
  4 giant cockroaches
  9 hobgoblins
  8 jackals
  6 kobolds
  4 quokkas
  6 bats
  4 frilled lizards
  A giant cockroach zombie (D:5)
  10 goblins
  12 rats
162 creatures vanquished.

Vanquished Creatures (others)
  30 plants (D:6)
30 creatures vanquished.

Grand Total: 192 creatures vanquished

Notes
Turn   | Place    | Note
-------+----------+-------------------------------------------
     0 | D:1      | adizb the Ogre Monk began the quest for the Orb.
     0 | D:1      | Reached XP level 1. HP: 24/24 MP: 1/1
   208 | D:1      | Reached XP level 2. HP: 19/32 MP: 2/2
   723 | D:1      | Reached XP level 3. HP: 29/39 MP: 3/3
  1220 | D:2      | Reached skill level 1 in Shields
  1273 | D:2      | Reached skill level 1 in Armour
  1273 | D:2      | Reached XP level 4. HP: 34/49 MP: 4/4
  1968 | D:3      | Reached XP level 5. HP: 26/55 MP: 5/5
  2044 | D:3      | Reached skill level 4 in Polearms
  2287 | D:3      | Reached skill level 1 in Throwing
  2292 | D:3      | HP: 1/55 [orc priest/+0 whip (2)]
  2295 | D:3      | Reached skill level 5 in Fighting
  2638 | D:3      | Reached XP level 6. HP: 45/66 MP: 6/6
  3190 | D:4      | Reached skill level 5 in Polearms
  3190 | D:4      | Reached XP level 7. HP: 58/72 MP: 7/7
  3742 | D:5      | Entered Level 5 of the Dungeon
  4179 | D:5      | Reached skill level 6 in Polearms
  4203 | D:5      | Reached XP level 8. HP: 33/83 MP: 8/8
  5383 | D:6      | Reached skill level 7 in Polearms
  5449 | D:6      | Reached skill level 5 in Shields
  5606 | D:6      | Reached XP level 9. HP: 32/89 MP: 9/9
  5687 | D:6      | Reached skill level 8 in Polearms
  5715 | D:6      | Found a staircase to the Ecumenical Temple.
  5728 | Temple   | Entered the Ecumenical Temple
  5831 | Temple   | Became a worshipper of Zin the Law-Giver
  5831 | Temple   | Reached * piety under Zin
  5831 | Temple   | Reached ** piety under Zin
  5831 | Temple   | Reached *** piety under Zin
  6519 | D:7      | HP: 4/89 [bullfrog (1)]
  6945 | D:6      | Reached skill level 9 in Polearms
  7443 | D:6      | Reached **** piety under Zin
  7668 | D:7      | Found Lebridat's Distillery.
  7672 | D:7      | You fall into a shaft and drop 2 floors!
  7694 | D:9      | Reached XP level 10. HP: 48/98 MP: 10/10
  7749 | D:8      | Slain by an iguana

Illustrated notes

Levels and vault maps discovered:
D:1:      nzn_arrival_depleted_hourglass, layout_basic, serial_corexii_hall,
          chequers_hall_statues_corner_a, chequers_hall_statues_y,
          kennysheep_another_room, minmay_misc_feat_more_columns
D:2:      layout_basic, minmay_pentomino_x4
D:3:      layout_basic
D:4:      layout_layer_cave, ebering_dispersal_statue_hall, minivault_4,
          grunt_decor_junction
D:5:      layout_loops_corners
D:6:      layout_gridville, temple_statues, serial_bayou_lagoon_a,
          mumra_transporter_accident, chequers_serial_rivers_room_a,
          lightli_minifort
D:7:      layout_loops_ring, serial_shops, shop, small_statue_intersection,
          uniq_pikel
D:8:      layout_gridville, basic_altar, minmay_misc_feat_secret_circle
D:9:      layout_loops_ring, minitemple, minmay_lair_entry_grove,
          serial_co_window_serial, co_window_paths_b, co_window_paths_a,
          co_window_paths_a, co_window_cross_1, co_window_corner_a,
          co_window_paths_a, co_window_corner_a, co_window_unsneaky_path_b,
          co_window_corner_ca, co_window_broadway_b, glass_columns_b,
          glass_columns_a, glass_columns_b
Temple:   compressed_dpeg_circular_temple

Skill      XL: |  1  2  3  4  5  6  7  8  9 |
---------------+----------------------------+-----
Dodging        | 3 |  3.9
Shields        | 1 2 3 5 7 |  7.8
Armour         | 1 |  1.0
Polearms       | 4 5 6 7 9 |  9.7
Throwing       | 1 2 |  2.2
Fighting       | 5 |  5.7
Stealth        | |  1.4

Action                   |  1- 3 |  4- 6 |  7- 9 | 10-12 || total
-------------------------+-------+-------+-------+-------++-------
Melee: Spear             |   156 |   182 |   287 |       ||   625
       Trident           |       |       |   201 |    14 ||   215
Throw: Boomerang         |       |    44 |    23 |       ||    67
       Dart              |       |    22 |    46 |       ||    68
       Stone             |       |       |    45 |       ||    45
Invok: Recite            |       |       |     1 |       ||     1
Evoke: Wand              |       |     3 |     2 |       ||     5
  Use: Scroll            |     1 |     4 |     7 |       ||    12
       Potion            |     1 |     3 |     4 |       ||     8
 Stab: Sleeping          |     3 |     2 |     2 |       ||     7
       Distracted        |       |     2 |       |       ||     2
Armor: Robe              |    55 |    36 |    73 |     7 ||   171
Dodge: Dodged            |    47 |    47 |   104 |    15 ||   213
Block: Kite shield       |    42 |    44 |   160 |    13 ||   259
